Map: Persephone LE

Players

LigerMaNN

  • Race: Zerg Zerg
  • League: Diamond
  • Spawn Location: 11:00

sillypanda - Winner!

  • Race: Terran Terran
  • League: Diamond
  • Spawn Location: 7:00

VOD

Have the link to the VOD?

Description

Time

  • Played on: June 4, 2025, 8:50 p.m.
  • Length: 7:10
Show
View Real Time Build Order
Export as new Build Order

LigerMaNN Zerg 

Build Orders: Hatch First 

Get SALT Encoding   

  12  0:00  Drone  
  13  0:12  Overlord  
  14  0:21  Drone  
  14  0:30  Drone x2  
  14  0:34  Drone  
  17  0:51  Hatchery  
  17  0:54  Drone  
  17  0:57  Drone  
  18  1:08  Extractor  
  17  1:14  Spawning Pool  
  17  1:16  Drone  
  17  1:19  Drone  
  18  1:28  Drone  
  19  1:41  Overlord  
  19  2:02  Queen x2  
  19  2:04  Zergling x6  
  26  2:12  Metabolic Boost  
  26  2:20  Drone x2  
  28  2:26  Drone x2  
  30  2:35  Drone x2  
  32  2:50  Hatchery  
  30  3:05  Drone x4  
  29  3:06  Drone  
  29  3:09  Queen  
  35  3:14  Pneumatized Carapace  
  35  3:24  Drone  
  35  3:25  Overlord  
  35  3:27  Overlord  
  36  3:37  Overlord x2  
  36  3:45  Lair  
  36  3:50  Zergling x8  
  36  3:51  Zergling x2  
  36  3:53  Zergling x2  
  36  3:55  Zergling x2  
  43  3:57  Zergling x2  
  45  4:02  Drone  
  45  4:03  Drone x2  
  47  4:11  Queen  
  49  4:21  Drone  
  49  4:22  Drone x5  
  49  4:23  Drone  
  47  4:46  Zergling x20  
  47  4:47  Zergling x2  
  58  5:03  Spine Crawler  
  57  5:16  Zergling x18  
  66  5:40  Hatchery  
  65  5:43  Hatchery  
  65  5:45  Zergling x16  
  65  5:46  Zergling x4  
  53  6:32  Zergling x16  
  57  6:33  Zergling x16  
  57  6:39  Drone x3  
  68  6:47  Overseer  
  68  6:50  Drone x3  
Show
View Real Time Build Order
Export as new Build Order

sillypanda Terran - Winner!

Build Orders: Hellion Opening 

Get SALT Encoding   

  12  0:00  SCV  
  13  0:16  Supply Depot, SCV  
  14  0:28  SCV  
  15  0:39  Barracks  
  15  0:42  Refinery  
  15  0:44  SCV  
  16  0:56  SCV  
  17  1:08  SCV  
  18  1:26  Orbital Command  
  18  1:28  Supply Depot  
  18  1:31  Barracks Reactor  
  18  1:53  Bunker, SCV  
  19  2:04  Factory  
  19  2:05  SCV  
  19  2:08  Marine x2  
  22  2:17  SCV  
  23  2:25  Command Center  
  23  2:26  Marine  
  23  2:27  Marine  
  23  2:29  SCV  
  26  2:33  Refinery  
  26  2:41  SCV  
  26  2:42  Supply Depot  
  27  2:56  SCV  
  28  3:05  Barracks Reactor  
  27  3:08  SCV  
  27  3:12  Supply Depot  
  32  3:13  Hellion x2  
  32  3:20  SCV  
  33  3:32  SCV  
  38  3:34  Hellion x2  
  38  3:41  Supply Depot  
  38  3:44  SCV  
  39  3:56  Hellion  
  39  3:58  Factory  
  39  3:59  Hellion  
  39  4:01  Factory  
  42  4:06  Orbital Command  
  42  4:08  SCV  
  43  4:20  SCV  
  48  4:31  Widow Mine x2  
  48  4:32  SCV x2  
  50  4:44  SCV  
  45  4:50  Factory Tech Lab x2  
  45  4:52  SCV  
  46  4:56  Hellion x2, SCV  
  51  5:00  Marine  
  51  5:04  SCV  
  53  5:08  SCV  
  53  5:09  Cyclone x2, Infernal Pre-Igniter  
  53  5:11  Mag-Field Accelerator  
  60  5:16  SCV  
  60  5:17  Hellion x2  
  60  5:20  SCV  
  66  5:21  Supply Depot  
  66  5:22  Supply Depot  
  66  5:29  SCV  
  66  5:31  Refinery  
  66  5:32  Refinery  
  67  5:36  SCV  
  67  5:41  SCV  
  69  5:43  Cyclone x2, Hellion  
  69  5:45  Hellion  
  79  5:50  Supply Depot  
  79  5:51  SCV  
  79  5:52  Supply Depot  
  79  5:56  SCV  
  81  6:03  SCV  
  82  6:05  Hellion  
  82  6:06  Hellion  
  86  6:11  SCV  
  72  6:34  SCV x2  
  72  6:37  Hellion x4  
  82  6:40  Marine x2  
  82  6:41  Bunker  
  82  6:46  SCV  
  82  6:47  SCV  
Tags
 
Add a new tag
Caveats
  • Supply blocks, unpowered buildings, or Contaminate may cause inaccurate times.
  • Supply counts are checked every 10 seconds.